 Dungeon Crawl Stone Soup version 0.23.1-37-gaa34b87b72 (webtiles) character file.

Game seed: 10992201061343597419

76 Jukra the Skirmisher (level 4, 0/41 HPs)
             Began as a Minotaur Berserker on Mar 23, 2019.
             Was a Believer of Trog.
             Slain by Grinder (2 damage)
             ... on level 3 of the Dungeon.
             The game lasted 00:03:40 (1225 turns).

Jukra the Skirmisher (Minotaur Berserker)           Turns: 1225, Time: 00:03:41

Health: 0/41       AC:  6    Str: 22    XL:     4   Next: 12%
Magic:  3/3        EV: 10    Int:  4    God:    Trog [**....]
Gold:   149        SH:  0    Dex: 10    Spells: 3/3 levels left

rFire    . . .     SeeInvis .   f - +2 mace (venom)
rCold    . . .     Gourm    .   (no shield)
rNeg     . . .     Faith    .   e - +0 scale mail
rPois    .         Spirit   .   (helmet restricted)
rElec    .         Reflect  .   (no cloak)
rCorr    +         Harm     .   (no gloves)
MR       .....                  (no boots)
Stlth    ..........             (no amulet)
HPRegen  0.13/turn              k - ring of resist corrosion
MPRegen  0.08/turn              (no ring)

@: berserk cooldown, starving, slowed, very slow
A: retaliatory headbutt, horns 2
a: Berserk, Trog's Hand, Renounce Religion


You were on level 3 of the Dungeon.
You worshipped Trog.
Trog was pleased with you.
You were starving.

You visited 1 branch of the dungeon, and saw 3 of its levels.

You collected 149 gold pieces.

Inventory:

Hand Weapons
 a - a +0 falchion
 f - a +2 mace of venom (weapon)
Armour
 e - a +0 scale mail (worn)
Jewellery
 k - a ring of resist corrosion (left hand)
Scrolls
 d - 2 scrolls of identify {unknown}
 g - a scroll of enchant weapon {unknown}
 h - a scroll of teleportation {unknown}
 i - a scroll of remove curse {unknown}
Potions
 b - a potion of brilliance {unknown}
 j - 2 potions of curing {unknown}
Comestibles
 c - 6 rations


   Skills:
 + Level 4.4 Fighting
 - Level 4.1 Long Blades
 * Level 1.8 Maces & Flails
 + Level 3.3 Armour
 + Level 2.4 Dodging
 + Level 0.1 Stealth


You had 3 spell levels left.
You didn't know any spells.
Your spell library was empty.

Dungeon Overview and Level Annotations

Branches:
Dungeon (3/15)

Altars:
Uskayaw

Annotations:
D:3 Grinder


Innate Abilities, Weirdness & Mutations

You reflexively headbutt those who attack you in melee.
You have a pair of horns on your head.


Message History

You kill the rat!
Trog accepts your kill. The orc hits you with a +0 short sword.
You see here a rat corpse.
You closely miss the orc.
You are no longer berserk.
You are exhausted.
You feel yourself slow down. The orc hits you but does no damage.
You thump the orc!
You kill the orc!
Trog accepts your kill.
Grinder blinks!
Grinder hits you.
* * * LOW HITPOINT WARNING * * *
You writhe in agony.
* * * LOW HITPOINT WARNING * * *
Grinder hits you.
* * * LOW HITPOINT WARNING * * *
You writhe in agony.
You die...

.. ###### ...
#....# ....
#....###....
#...........
#...)......#
#.)†)......#
#..)@......#
.....§(...5......
.................
.................
.................
......####.......
...... .......
....). ###+###


You could see Grinder.

Vanquished Creatures
  An orc priest (D:3)
  2 worms (D:2)
  A dart slug (D:1)
  2 leopard geckos (D:2)
  4 orcs (D:3)
  4 giant cockroaches
  2 goblins (D:1)
  5 hobgoblins
  A quokka (D:2)
  5 bats
  A frilled lizard (D:3)
  A kobold (D:2)
  5 rats
34 creatures vanquished.

Notes
Turn   | Place    | Note
-------+----------+-------------------------------------------
     0 | D:1      | Jukra the Minotaur Berserker began the quest for the Orb.
     0 | D:1      | Reached XP level 1. HP: 19/19 MP: 0/0
   102 | D:1      | Reached XP level 2. HP: 19/27 MP: 1/1
   687 | D:2      | Noticed a +0 dagger
   687 | D:2      | Noticed a +0 dagger
   707 | D:2      | Found a hide-covered altar of Uskayaw.
   936 | D:2      | Reached XP level 3. HP: 24/33 MP: 2/2
  1208 | D:3      | Noticed Grinder
  1216 | D:3      | Reached skill level 1 in Maces & Flails
  1218 | D:3      | Reached XP level 4. HP: 23/41 MP: 3/3
  1219 | D:3      | Reached ** piety under Trog
  1225 | D:3      | HP: 2/41 [Grinder (2)]
  1225 | D:3      | Slain by Grinder

Skill      XL: |  1  2  3 |
---------------+----------+-----
Long Blades    | 4 |  4.1
Fighting       | 4 |  4.4
Armour         | 3 |  3.3
Maces & Flails | 1 |  1.8
Dodging        | |  2.4
Stealth        | |  0.1

Action                   |  1- 3 |  4- 6 || total
-------------------------+-------+-------++-------
Melee: Falchion          |    31 |       ||    31
       Headbutt          |     6 |       ||     6
       Mace              |    37 |     4 ||    41
Invok: Berserk           |     1 |       ||     1
Armor: Animal skin       |     3 |       ||     3
       Scale mail        |    32 |     3 ||    35
Dodge: Dodged            |    51 |     3 ||    54
       Rpst.: Falchion   |     3 |       ||     3
